 Dungeon Sprint DCSS version 0.29.1-4-g47bece8355 (webtiles) character file.

Game seed: 1039071061127170981

5300000 raph the Axe Maniac (level 27, -3/228 HPs)
             Began as a Djinni Warper on Dec 1, 2022.
             Was the Champion of Makhleb.
             Slain by a meat berserker
             ... wielding a +9 battleaxe
              (62 damage)
             ... in the Dungeon (Sprint VIII: "Arena of Blood").
             The game lasted 00:02:28 (53 turns).

raph the Axe Maniac (Djinni Warper)                   Turns: 53, Time: 00:02:29

Health: -3/228     AC:  6    Str: 10    XL:     27
Gold:   0          EV: 38    Int: 15    God:    Makhleb [******] SH:  0 Dex: 27

rFire   + + .      SeeInvis .   h - +∞ Axe of Woe
rCold   x . .      Faith    .   (shield currently unavailable)
rNeg    . . .      Spirit   .   a - +0 leather armour
rPois   ∞          Reflect  .   (no helmet)
rElec   .          Harm     .   (no cloak)
rCorr   .          Rampage  .   (no gloves)
Will    ++...      NoTele   +   (boots unavailable)
Stlth   ++++++++++              (no amulet)
HPRegen 0.48/turn               (no ring)
MPRegen 0.00/turn               (no ring)

@: flying, hasted, very quick
A: sickness immunity, fire resistance 2, cold vulnerability 1, float, innate
caster, HP casting, extra vitality 1
a: Renounce Religion, Minor Destruction, Lesser Servant of Makhleb, Major
Destruction, Greater Servant of Makhleb


You were in the Dungeon.
You worshipped Makhleb.
Makhleb was exalted by your worship.
You visited 1 branch

Inventory:

Hand Weapons
 h - the +∞ Axe of Woe (weapon)
   (You found it in the Dungeon)
Missiles
 c - 7 boomerangs of dispersal (quivered)
Armour
 a - a +0 leather armour (worn)
Jewellery
 i - a +200 ring of slaying
Scrolls
 b - a scroll of blinking
Potions
 d - a potion of curing
 e - a potion of heal wounds
 g - a potion of berserk rage


   Skills:
 O Level 27 Fighting
 + Level 20.1(23.3) Short Blades
 + Level 20.1(23.3) Long Blades
 O Level 27 Axes
 O Level 27 Maces & Flails
 O Level 27 Polearms
 O Level 27 Staves
 + Level 18.6 Ranged Weapons
 O Level 27 Throwing
 O Level 27 Armour
 O Level 27 Dodging
 O Level 27 Stealth
 + Level 21.7 Shields
 O Level 27 Unarmed Combat
 O Level 27 Spellcasting
 O Level 27 Invocations
 + Level 21.7 Evocations


You couldn't memorise any spells.
You knew the following spells:

 Your Spells              Type           Power      Damage    Failure   Level
a - Blink                 Tloc           100%       N/A       0%          2
b - Lesser Beckoning      Tloc           79%        N/A       0%          3
c - Gell's Gravitas       Tloc           79%        N/A       0%          3
d - Teleport Other        Tloc           79%        N/A       0%          3
e - Manifold Assault      Tloc           79%        N/A       0%          5
f - Freeze                Ice            100%       1d11      0%          1
g - Ensorcelled Hibernat  Hex/Ice        100%       N/A       0%          2
h - Wereblood             Tmut           79%        N/A       0%          2
i - Flame Wave            Conj/Fire      79%        2d17      0%          4
j - Summon Forest         Summ/Tloc      39%        N/A       0%          5
k - Fireball              Conj/Fire      39%        3d16      0%          5
l - Statue Form           Tmut/Erth      52%        N/A       0%          6
m - Starburst             Conj/Fire      39%        6d11      0%          6
n - Monstrous Menagerie   Summ           39%        N/A       1%          7
o - Orb of Destruction    Conj           39%        9d11      1%          7
p - Spellforged Servitor  Conj/Summ      39%        N/A       1%          7
q - Summon Horrible Thin  Summ           39%        N/A       1%          8
r - Polar Vortex          Ice            39%        N/A       3%          9
Your spell library was empty.

Dungeon Overview and Level Annotations

Branches:
Dungeon (1/1)

Altars:
Makhleb


Innate Abilities, Weirdness & Mutations

You are immune to sickness and miasma.
You are immune to poison.
Your flesh is very heat resistant. (rF++)
You are vulnerable to cold. (rC-)
You float through the air rather than walking.
You learn spells naturally, not from books.
Your magical power is your life essence.
You have superior vitality. (+4 MHP)


Message History

A meat berserker comes into view. It is wielding a +9 battleaxe.
The large abomination is engulfed in blazing flames.
You hear a shout! x2
Your base Short Blades skill increases to level 20!
Your base Long Blades skill increases to level 20!
You slice the large abomination!!
You chop the large abomination into pieces.
You destroy the large abomination!
The large abomination disappears in a puff of smoke!
You hear a shout! x3
The destroyer casts a spell at you.
The destroyer blinks!
You slash the large abomination!
You cleave the large abomination in twain.
You destroy the large abomination!
The large abomination disappears in a puff of smoke!
You slash the bag of meat! You chop the bag of meat into pieces.
You kill the bag of meat!
Makhleb accepts your kill.
You feel better.
You slash the large abomination!
You fatally mangle the large abomination.
You destroy the large abomination!
The large abomination disappears in a puff of smoke!
You hear a shout! x4
The eight-headed meat hydra calls on the powers of darkness!
The eight-headed meat hydra convulses!
The meat berserker convulses!
The bag of meat convulses! x3; The meat berserker convulses!
Your body is wracked with pain!
* * * LOW HITPOINT WARNING * * *
The large abomination is engulfed in blazing flames.
You hear a shout!
A bag of meat comes into view. It is wielding a +9 war axe. x2
You feel yourself speed up.
The accursed appears out of thin air!
An accursed comes into view.
You hear a shout! x3
The tyrant mumbles some strange words.
A meat berserker comes into view. It is wielding a +9 battleaxe.
The meat berserker is engulfed in blazing flames.
The meat berserker hits you with a +9 battleaxe!!!
You die...

#### #### ##... .=.
.....) ..
......##§##.###
......X)§......
##...O@##.##...
......)LX).........
...o.)o))X#.#......
.....X)X)XV.......#
#..).)).§§§..))....
.#O..))D§§§...)....


oo....)).).)))..... oM...O..☼))))°..... ....#.)§°)))#.. You could see an
accursed (wandering), a tentacled monstrosity (summoned), a tyrant (fast), an
eight-headed meat hydra, a destroyer, 5 large abominations, 3 meat berserkers
and 5 bags of meat.

Vanquished Creatures
  8 vampire knights (D)
  17 ogres (D)
  9 two-headed ogres (D)
  A hydra (D)
  47 orcs (D)
  2 skeletal warriors (D)
84 creatures vanquished.

Notes
Turn   | Place    | Note
-------+----------+-------------------------------------------
     0 | D        | Found the +∞ Axe of Woe
     0 | D        | raph the Djinni Warper began the quest for the Orb.
     0 | D        | raph set off with the following spells memorised: Blink,
                  | Lesser Beckoning, Gell's Gravitas, Teleport Other, Manifold
                  | Assault.
     0 | D        | Reached XP level 1. HP: 18/18 MP: 0/0
     2 | D        | Noticed a meat berserker
     2 | D        | Noticed a bag of meat
     4 | D        | Killed a meat berserker
     4 | D        | Noticed a meat berserker
     4 | D        | Noticed a bag of meat
     5 | D        | Reached skill level 10 in Throwing
     5 | D        | Reached skill level 10 in Spellcasting
     5 | D        | Reached XP level 2. HP: 39/39 MP: 0/0
     5 | D        | Reached XP level 3. HP: 44/44 MP: 0/0
     5 | D        | Learned a level 1 spell: Freeze
     5 | D        | Reached XP level 4. HP: 50/50 MP: 0/0
     5 | D        | Reached XP level 5. HP: 56/56 MP: 0/0
     5 | D        | Learned a level 2 spell: Ensorcelled Hibernation
     5 | D        | Reached XP level 6. HP: 62/62 MP: 0/0
     5 | D        | Reached XP level 7. HP: 67/67 MP: 0/0
     5 | D        | Learned a level 2 spell: Wereblood
     5 | D        | Reached XP level 8. HP: 74/74 MP: 0/0
     5 | D        | Reached XP level 9. HP: 79/79 MP: 0/0
     5 | D        | Learned a level 4 spell: Flame Wave
     5 | D        | Reached XP level 10. HP: 85/85 MP: 0/0
     5 | D        | Reached XP level 11. HP: 90/90 MP: 0/0
     5 | D        | Learned a level 5 spell: Summon Forest
     5 | D        | Reached XP level 12. HP: 96/96 MP: 0/0
     5 | D        | Became a worshipper of Makhleb the Destroyer
     6 | D        | Killed a meat berserker
     6 | D        | Killed a bag of meat
     6 | D        | Reached * piety under Makhleb
     6 | D        | Noticed a bag of meat
     6 | D        | Noticed a bag of meat
     7 | D        | Reached XP level 13. HP: 97/102 MP: 0/0
     7 | D        | Learned a level 5 spell: Fireball
     7 | D        | Reached XP level 14. HP: 103/108 MP: 0/0
     7 | D        | Noticed a bag of meat
     7 | D        | Killed a bag of meat
     7 | D        | Killed a bag of meat
     7 | D        | Killed a bag of meat
     7 | D        | Reached ** piety under Makhleb
     8 | D        | Reached XP level 15. HP: 113/113 MP: 0/0
     8 | D        | Learned a level 6 spell: Statue Form
    10 | D        | Noticed a meat berserker
    10 | D        | Noticed a meat berserker
    10 | D        | Noticed a meat berserker
    10 | D        | Noticed a meat berserker
    10 | D        | Noticed a meat berserker
    11 | D        | Killed a meat berserker
    11 | D        | Reached *** piety under Makhleb
    11 | D        | Killed a meat berserker
    12 | D        | Reached skill level 27 in Axes
    12 | D        | Reached XP level 16. HP: 130/136 MP: 0/0
    12 | D        | Killed a meat berserker
    12 | D        | Reached **** piety under Makhleb
    12 | D        | Noticed a meat berserker
    12 | D        | Noticed a meat berserker
    13 | D        | Reached skill level 10 in Invocations
    13 | D        | Reached XP level 17. HP: 148/148 MP: 0/0
    13 | D        | Learned a level 6 spell: Starburst
    13 | D        | Killed a meat berserker
    14 | D        | Reached skill level 15 in Invocations
    14 | D        | Reached ***** piety under Makhleb
    15 | D        | Reached skill level 27 in Dodging
    15 | D        | Reached XP level 18. HP: 165/165 MP: 0/0
    15 | D        | Killed a meat berserker
    15 | D        | Noticed a meat berserker
    15 | D        | Noticed a meat berserker
    16 | D        | Reached skill level 27 in Fighting
    16 | D        | Killed a meat berserker
    16 | D        | Reached ****** piety under Makhleb
    17 | D        | Reached skill level 27 in Invocations
    17 | D        | Reached XP level 19. HP: 174/174 MP: 0/0
    17 | D        | Learned a level 7 spell: Monstrous Menagerie
    17 | D        | Killed a meat berserker
    17 | D        | Noticed a destroyer
    18 | D        | Reached XP level 20. HP: 181/181 MP: 0/0
    18 | D        | Killed a meat berserker
    18 | D        | Noticed a large bag of meat
    19 | D        | Reached skill level 15 in Throwing
    19 | D        | Killed a meat berserker
    19 | D        | Noticed a meat berserker
    20 | D        | Reached skill level 15 in Stealth
    20 | D        | Killed a destroyer
    20 | D        | Noticed a large bag of meat
    21 | D        | Reached XP level 21. HP: 187/187 MP: 0/0
    21 | D        | Learned a level 7 spell: Orb of Destruction
    21 | D        | Noticed a large bag of meat
    21 | D        | Killed a large bag of meat
    21 | D        | Killed a large bag of meat
    22 | D        | Reached XP level 22. HP: 194/194 MP: 0/0
    22 | D        | Killed a meat berserker
    22 | D        | Noticed a destroyer
    23 | D        | Noticed a large bag of meat
    23 | D        | Noticed a meat berserker
    24 | D        | Reached skill level 27 in Spellcasting
    24 | D        | Noticed a large bag of meat
    25 | D        | Noticed a destroyer
    25 | D        | Killed a large bag of meat
    25 | D        | Killed a destroyer
    26 | D        | Reached skill level 27 in Armour
    26 | D        | Reached skill level 27 in Stealth
    26 | D        | Reached XP level 23. HP: 201/201 MP: 0/0
    26 | D        | Learned a level 7 spell: Spellforged Servitor
    26 | D        | Killed a destroyer
    26 | D        | Killed a large bag of meat
    27 | D        | Reached skill level 27 in Throwing
    27 | D        | Noticed a large bag of meat
    27 | D        | Noticed a destroyer
    28 | D        | Reached skill level 15 in Maces & Flails
    28 | D        | Reached skill level 15 in Polearms
    28 | D        | Reached XP level 24. HP: 208/208 MP: 0/0
    28 | D        | Noticed a large bag of meat
    28 | D        | Noticed a large bag of meat
    30 | D        | Killed a destroyer
    31 | D        | Killed a large bag of meat
    31 | D        | Noticed a destroyer
    33 | D        | Killed a destroyer
    34 | D        | Reached skill level 27 in Unarmed Combat
    34 | D        | Reached XP level 25. HP: 123/214 MP: 0/0
    34 | D        | Learned a level 8 spell: Summon Horrible Things
    34 | D        | Killed a large bag of meat
    34 | D        | Noticed a destroyer
    34 | D        | Noticed a destroyer
    34 | D        | Noticed a destroyer
    35 | D        | Noticed a destroyer
    36 | D        | Noticed a large bag of meat
    37 | D        | Killed a large bag of meat
    38 | D        | Reached skill level 27 in Maces & Flails
    38 | D        | Reached skill level 27 in Polearms
    39 | D        | Reached XP level 26. HP: 221/221 MP: 0/0
    40 | D        | Reached skill level 27 in Staves
    40 | D        | Killed a destroyer
    42 | D        | Reached skill level 10 in Shields
    42 | D        | Reached skill level 10 in Evocations
    43 | D        | Reached skill level 10 in Short Blades
    43 | D        | Reached skill level 10 in Long Blades
    43 | D        | Noticed a tyrant
    44 | D        | Reached skill level 10 in Ranged Weapons
    44 | D        | Killed a large bag of meat
    44 | D        | Killed a destroyer
    45 | D        | Reached XP level 27. HP: 228/228 MP: 0/0
    45 | D        | Learned a level 9 spell: Polar Vortex
    45 | D        | Killed a destroyer
    48 | D        | Killed a large bag of meat
    53 | D        | Slain by a meat berserker

Illustrated notes

Levels and vault maps discovered:
D:        meatsprint

Skill      XL: |  1  2  3  4  5  6  7  8  9 10 11 12 13 14 15 16 17 18 19 20 21 22 23 24 25 26 27 |
---------------+----------------------------------------------------------------------------------+-----
Fighting       | 12 19 21 25 27 | 27.0
Throwing       | 10 12 14 19 21 26 27 | 27.0
Armour         | 12 14 17 22 24 27 | 27.0
Dodging        | 13 21 23 27 | 27.0
Unarmed Combat | 12 21 27 | 27.0
Spellcasting   | 10 12 16 22 25 27 | 27.0
Axes           | 18 23 27 | 27.0
Invocations    | 10 18 27 | 27.0
Stealth        | 6 11 17 20 27 | 27.0
Maces & Flails | 15 24 27 | 27.0
Polearms       | 15 24 27 | 27.0
Staves         | 25 27 | 27.0
Short Blades   | 16 20 | 20.1
Long Blades    | 16 20 | 20.1
Ranged Weapons | 14 18 | 18.6
Shields        | 17 21 | 21.7
Evocations     | 17 21 | 21.7

Action                   |  1- 3 |  4- 6 |  7- 9 | 10-12 | 13-15 | 16-18 | 19-21 | 22-24 | 25-27 || total
-------------------------+-------+-------+-------+-------+-------+-------+-------+-------+-------++-------
Melee: Executioner's axe |     1 |       |       |     2 |     8 |    12 |    14 |    18 |    25 ||    80
 Cast: Manifold Assault  |       |       |       |     1 |     3 |     5 |     4 |     4 |     3 ||    20
  Use: Scroll            |       |       |       |       |       |       |       |       |     1 ||     1
       Potion            |       |       |       |       |       |       |       |       |     1 ||     1
Armor: Leather armour    |       |       |       |       |       |       |       |     1 |       ||     1
Dodge: Dodged            |       |       |       |       |       |       |       |     2 |       ||     2
